Map: Romanticide LE

Players

MCanning

  • Race: Protoss Protoss

Nina - Winner!

  • Race: Protoss Protoss

Event: DreamHack SC2 Masters 2021 Fall

VOD

Have the link to the VOD?

Description

Time

  • Played on: Aug. 12, 2021, 4:28 p.m.
  • Length: 18:41

All games in this series

Show
View Real Time Build Order
Export as new Build Order

MCanning Protoss 

Build Orders: Archon Immortal 

Get SALT Encoding   

  12  0:00  Probe  
  13  0:12  Probe  
  14  0:17  Pylon  
  14  0:24  Probe  
  15  0:35  Gateway  
  15  0:38  Probe (Chrono Boost)  
  16  0:46  Probe (Chrono Boost)  
  16  0:47  Assimilator  
  17  0:52  Probe  
  17  0:55  Assimilator  
  18  1:04  Probe (Chrono Boost)  
  19  1:11  Gateway  
  19  1:15  Probe (Chrono Boost)  
  20  1:20  Probe (Chrono Boost)  
  20  1:25  Cybernetics Core  
  21  1:31  Probe  
  22  1:36  Pylon  
  22  1:43  Probe  
  23  1:55  Probe  
  24  2:01  Stalker  
  24  2:02  Warp Gate  
  24  2:03  Stalker  
  24  2:08  Probe  
  29  2:15  Pylon  
  29  2:24  Shield Battery  
  29  2:28  Pylon  
  29  2:33  Sentry  
  29  2:34  Sentry  
  33  2:50  Nexus  
  33  2:53  Probe (Chrono Boost)  
  34  3:02  Shield Battery, Probe (Chrono Boost)  
  35  3:11  Pylon, Probe (Chrono Boost)  
  36  3:14  Sentry  
  38  3:23  Probe (Chrono Boost)  
  39  3:29  Probe (Chrono Boost)  
  39  3:30  Robotics Facility  
  40  3:37  Probe  
  41  3:48  Forge  
  41  3:49  Probe  
  42  4:00  Pylon  
  43  4:03  Probe (Chrono Boost)  
  43  4:07  Probe (Chrono Boost)  
  43  4:09  Adept  
  46  4:12  Probe (Chrono Boost)  
  46  4:15  Probe (Chrono Boost)  
  48  4:17  Probe (Chrono Boost)  
  48  4:19  Observer  
  48  4:21  Protoss Ground Weapons Level 1 (Chrono Boost)  
  50  4:29  Probe (Chrono Boost)  
  50  4:30  Probe (Chrono Boost)  
  52  4:32  Assimilator  
  54  4:38  Probe (Chrono Boost)  
  54  4:40  Immortal (Chrono Boost)  
  54  4:41  Probe (Chrono Boost)  
  54  4:43  Probe (Chrono Boost)  
  54  4:44  Twilight Council  
  58  4:50  Probe  
  60  4:55  Probe  
  61  5:02  Probe  
  61  5:03  Nexus  
  62  5:07  Probe  
  62  5:08  Immortal (Chrono Boost)  
  63  5:14  Probe  
  63  5:16  Immortal (Chrono Boost)  
  63  5:18  Pylon  
  63  5:19  Charge (Chrono Boost)  
  63  5:20  Probe  
  69  5:26  Probe  
  70  5:36  Probe  
  70  5:37  Gateway x2  
  70  5:38  Probe  
  72  5:43  Shield Battery  
  72  5:44  Stalker  
  72  5:47  Stalker  
  72  5:48  Probe  
  77  5:52  Probe  
  78  6:04  Pylon  
  78  6:05  Probe x2  
  78  6:11  Immortal  
  78  6:16  Sentry  
  78  6:17  Sentry  
  78  6:18  Templar Archives, Probe  
  83  6:21  Probe  
  83  6:22  Probe  
  83  6:24  Protoss Ground Weapons Level 2 (Chrono Boost)  
  85  6:28  Gateway  
  85  6:29  Gateway  
  85  6:30  Probe  
  86  6:34  Zealot  
  86  6:36  Probe  
  86  6:38  Assimilator  
  89  6:42  Gateway  
  89  6:44  Gateway  
  89  6:48  Gateway  
  89  6:53  Gateway  
  90  6:54  Probe  
  90  6:56  Pylon  
  90  7:00  Zealot x3  
  94  7:06  High Templar  
  96  7:09  Pylon  
  96  7:21  Probe  
  96  7:22  Pylon  
  97  7:25  High Templar  
  97  7:26  Nexus, Warp Prism  
  97  7:28  Pylon  
  97  7:29  Archon  
  101  7:34  Zealot x3  
  107  7:38  Probe  
  107  7:39  High Templar  
  107  7:40  High Templar  
  107  7:43  Probe  
  113  7:45  Archon  
  113  7:50  Zealot x4  
  113  7:51  Pylon  
  119  7:57  Probe  
  119  7:58  Shield Battery  
  120  7:59  Pylon  
  120  8:03  Pylon  
  120  8:04  Photon Cannon  
  120  8:07  Zealot x3  
  120  8:10  High Templar  
  120  8:11  High Templar  
  130  8:16  Archon  
  130  8:19  Zealot x5  
  138  8:27  Probe  
  139  8:28  Pylon  
  139  8:35  Zealot x3  
  141  8:41  Robotics Bay  
  141  8:44  Robotics Facility  
  141  8:48  Zealot x5  
  141  8:52  Zealot x2  
  145  8:55  Protoss Ground Weapons Level 3 (Chrono Boost)  
  145  8:57  Probe  
  134  9:04  Zealot x3  
  134  9:09  Dark Shrine  
  140  9:17  Probe  
  140  9:21  Photon Cannon  
  140  9:23  Observer (Chrono Boost)  
  142  9:27  Photon Cannon  
  142  9:29  Zealot x2  
  142  9:30  Zealot x5  
  150  9:36  Disruptor (Chrono Boost)  
  150  9:37  Disruptor (Chrono Boost)  
  149  9:42  Probe  
  149  9:55  Zealot x2  
  149  9:56  Zealot x6  
  161  10:00  Disruptor (Chrono Boost)  
  161  10:05  Assimilator, Disruptor (Chrono Boost)  
  164  10:07  Pylon  
  164  10:08  Assimilator  
  155  10:15  Probe  
  155  10:17  Photon Cannon  
  155  10:19  Shield Battery  
  155  10:20  Assimilator  
  156  10:22  Pylon  
  156  10:23  Assimilator, Dark Templar x2  
  156  10:24  Zealot  
  156  10:25  Zealot  
  159  10:37  Zealot x6  
  169  10:48  Disruptor  
  159  10:51  Zealot x2  
  161  10:59  Zealot x4  
  161  11:00  Zealot x4  
  159  11:06  Disruptor (Chrono Boost)  
  159  11:09  Blink (Chrono Boost)  
  162  11:16  Zealot x2  
  158  11:22  Disruptor (Chrono Boost)  
  158  11:24  Photon Cannon, Probe  
  158  11:26  Photon Cannon  
  158  11:27  Photon Cannon  
  158  11:29  Photon Cannon  
  158  11:30  Pylon  
  158  11:38  Disruptor (Chrono Boost)  
  161  11:43  Stalker x2  
  161  11:44  Stalker x2  
  167  11:49  Zealot x3  
  167  11:50  Zealot x2  
  177  12:00  Observer  
  177  12:01  Protoss Shields Level 1 (Chrono Boost)  
  177  12:07  Disruptor  
  180  12:09  Pylon  
  180  12:12  Nexus  
  180  12:24  Disruptor  
  180  12:27  Assimilator  
  183  12:30  Photon Cannon  
  183  12:32  Photon Cannon  
  183  12:33  Photon Cannon  
  183  12:34  Photon Cannon  
  183  12:35  Shield Battery  
  181  12:43  Disruptor  
  182  12:46  Zealot x6  
  188  12:54  Shadow Stride (Chrono Boost), Stalker x2  
  192  13:00  Disruptor  
  192  13:09  Dark Templar  
  192  13:10  Dark Templar  
  193  13:35  Pylon  
  193  13:43  Disruptor  
  193  13:47  Stalker x2  
  198  14:03  Observer  
  198  14:04  Probe  
  198  14:08  Observer  
  187  14:11  Stalker x4  
  195  14:20  Photon Cannon  
  195  14:21  Dark Templar  
  195  14:23  Nexus, Photon Cannon  
  195  14:24  Pylon  
  195  14:27  Disruptor (Chrono Boost)  
  189  14:36  Disruptor (Chrono Boost)  
  180  14:39  Stalker x8  
  178  15:00  Disruptor (Chrono Boost)  
  177  15:11  Stalker x2  
  131  15:32  Zealot x7  
  108  15:45  Zealot x3  
  101  15:59  High Templar x4  
  109  16:05  Archon x2  
  107  16:14  Robotics Facility  
  99  16:31  Cybernetics Core  
  36  17:35  Pylon  
  36  17:38  Shield Battery  
  35  17:54  Probe  
Show
View Real Time Build Order
Export as new Build Order

Nina Protoss - Winner!

Build Orders: Phoenix Opening, Blink Stalkers 

Get SALT Encoding   

  12  0:00  Probe  
  13  0:12  Probe  
  14  0:17  Pylon  
  14  0:24  Probe (Chrono Boost)  
  15  0:36  Gateway, Probe (Chrono Boost)  
  16  0:44  Probe (Chrono Boost)  
  16  0:45  Assimilator  
  17  0:51  Probe  
  17  0:54  Assimilator  
  18  1:03  Probe (Chrono Boost)  
  19  1:08  Gateway  
  20  1:12  Probe (Chrono Boost)  
  20  1:17  Probe (Chrono Boost)  
  20  1:25  Cybernetics Core  
  21  1:29  Probe  
  22  1:34  Pylon  
  22  1:41  Probe  
  23  1:53  Probe  
  24  2:02  Stalker x2  
  24  2:03  Warp Gate  
  24  2:06  Probe  
  29  2:13  Pylon  
  29  2:18  Probe  
  30  2:30  Probe  
  30  2:34  Sentry  
  30  2:35  Sentry  
  35  2:42  Probe  
  35  2:49  Nexus  
  35  2:54  Probe  
  36  3:03  Pylon  
  36  3:06  Probe  
  36  3:09  Phoenix  
  37  3:14  Twilight Council  
  37  3:20  Forge  
  37  3:22  Probe  
  38  3:34  Shield Battery, Probe (Chrono Boost)  
  39  3:46  Probe (Chrono Boost)  
  40  3:49  Protoss Ground Weapons Level 1 (Chrono Boost)  
  40  3:51  Blink (Chrono Boost), Probe (Chrono Boost)  
  41  4:00  Probe (Chrono Boost)  
  42  4:03  Probe (Chrono Boost)  
  42  4:09  Stalker  
  45  4:10  Phoenix  
  45  4:12  Probe (Chrono Boost)  
  45  4:14  Probe (Chrono Boost)  
  45  4:17  Stalker, Probe (Chrono Boost)  
  49  4:18  Probe (Chrono Boost)  
  51  4:26  Robotics Facility, Probe  
  51  4:29  Probe  
  53  4:32  Pylon  
  53  4:35  Stalker  
  55  4:38  Probe  
  55  4:41  Assimilator, Probe  
  55  4:44  Stalker  
  59  4:51  Probe  
  60  4:53  Probe  
  61  5:03  Probe  
  61  5:05  Nexus  
  62  5:08  Stalker  
  62  5:10  Stalker  
  62  5:11  Probe  
  67  5:14  Observer (Chrono Boost)  
  67  5:16  Probe  
  67  5:18  Pylon  
  69  5:23  Gateway  
  69  5:26  Gateway  
  69  5:27  Probe  
  70  5:35  Pylon  
  70  5:36  Probe  
  70  5:37  Observer  
  72  5:45  Probe  
  72  5:46  Stalker x2  
  77  5:53  Probe  
  78  5:57  Assimilator, Probe  
  78  5:58  Gateway  
  78  6:02  Gateway  
  79  6:05  Probe  
  79  6:09  Probe  
  79  6:13  Stalker x2  
  79  6:15  Protoss Ground Weapons Level 2 (Chrono Boost)  
  79  6:17  Probe  
  84  6:21  Probe  
  84  6:22  Gateway  
  85  6:27  Probe  
  85  6:29  Gateway, Probe  
  85  6:30  Gateway  
  87  6:33  Probe  
  87  6:38  Pylon  
  87  6:39  Probe  
  89  6:42  Robotics Bay  
  89  6:44  Pylon  
  89  6:47  Probe  
  89  6:49  Shield Battery  
  89  6:52  Photon Cannon  
  89  6:53  Probe  
  91  7:01  Probe x2  
  88  7:02  Assimilator  
  88  7:04  Observer  
  88  7:05  Stalker x3, Probe  
  97  7:09  Assimilator  
  97  7:15  Stalker x2  
  101  7:19  Observer  
  101  7:20  Pylon  
  101  7:25  Stalker x3  
  101  7:26  Disruptor (Chrono Boost)  
  110  7:31  Probe x2  
  110  7:33  Probe  
  113  7:43  Probe  
  113  7:44  Stalker x4  
  120  7:47  Pylon  
  123  7:54  Robotics Facility  
  123  7:55  Disruptor (Chrono Boost)  
  123  7:57  Observer  
  125  8:05  Nexus  
  125  8:07  Pylon  
  125  8:10  Pylon  
  125  8:12  Photon Cannon  
  125  8:15  Gateway  
  125  8:17  Pylon  
  125  8:23  Disruptor  
  127  8:41  Stalker x5  
  127  8:44  Disruptor  
  136  8:54  Observer  
  136  8:55  Stalker x2  
  140  9:02  Disruptor  
  140  9:09  Pylon  
  140  9:10  Pylon  
  140  9:11  Pylon  
  138  9:17  Protoss Ground Weapons Level 3 (Chrono Boost)  
  138  9:20  Disruptor, Observer  
  141  9:25  Nexus  
  139  9:35  Pylon  
  139  9:36  Photon Cannon  
  139  9:37  Disruptor  
  139  9:38  Pylon, Photon Cannon  
  139  9:55  Disruptor  
  140  10:01  Shield Battery, Photon Cannon  
  140  10:02  Photon Cannon  
  140  10:11  Stalker x3  
  140  10:12  Probe  
  140  10:13  Disruptor  
  140  10:14  Probe  
  151  10:19  Observer, Probe  
  152  10:31  Colossus  
  158  10:49  Disruptor  
  145  11:10  Observer, Stalker x6  
  145  11:11  Stalker x3  
  134  11:12  Observer  
  134  11:17  Observer  
  134  11:19  Pylon  
  134  11:21  Assimilator  
  134  11:23  Stalker  
  134  11:24  Assimilator, Disruptor  
  134  11:25  Charge, Disruptor  
  142  11:46  Robotics Facility, Probe  
  143  11:52  Observer  
  143  11:54  Stalker x6  
  143  12:00  Disruptor x2  
  161  12:06  Photon Cannon, Dark Shrine  
  161  12:08  Protoss Shields Level 1  
  161  12:10  Probe  
  161  12:11  Probe x3  
  161  12:13  Gateway  
  161  12:14  Observer  
  165  12:18  Photon Cannon  
  165  12:21  Photon Cannon  
  165  12:22  Probe  
  166  12:23  Probe x2  
  166  12:24  Gateway, Zealot x4  
  166  12:25  Zealot x4  
  184  12:36  Observer, Disruptor x2  
  190  12:39  Observer  
  180  12:50  Probe  
  181  12:59  Disruptor  
  184  13:11  Disruptor  
  184  13:12  Disruptor  
  182  13:24  Stalker x6  
  185  13:31  Shadow Stride (Chrono Boost)  
  185  13:32  Dark Templar x5  
  193  13:35  Disruptor  
  195  13:41  Dark Templar  
  197  14:11  Stalker  
  197  14:13  Stargate  
  197  14:16  Stargate  
  199  14:17  Nexus, Pylon  
  199  14:20  Photon Cannon  
  199  14:22  Observer  
  199  14:30  Protoss Air Weapons Level 1  
  199  14:35  Photon Cannon  
  197  14:39  Pylon  
  197  14:41  Shield Battery  
  197  14:43  Photon Cannon  
  197  14:44  Photon Cannon  
  197  14:45  Photon Cannon  
  189  14:53  Dark Templar x5  
  189  14:57  Dark Templar x2  
  198  15:02  Dark Templar x4  
  180  15:17  Disruptor (Chrono Boost)  
  180  15:18  Dark Templar  
  180  15:19  Dark Templar x4  
  144  15:34  Zealot x7  
  132  15:42  Observer (Chrono Boost)  
  118  15:50  Disruptor (Chrono Boost)  
  118  15:51  Gateway  
  118  15:52  Zealot x5  
  118  15:54  Zealot x2  
  118  15:55  Zealot x4  
  127  16:13  Zealot x5  
  126  16:23  Disruptor  
  126  16:25  Zealot x4  
  87  17:06  Probe  
  84  17:13  Observer  
  84  17:18  Probe  
  85  17:30  Probe  

Tags
 
Add a new tag
Caveats
  • Supply blocks, unpowered buildings, or Contaminate may cause inaccurate times.
  • Supply counts are checked every 10 seconds.